Map: Acid Plant LE

Players

thanes

  • Race: Terran Terran
  • League: Platinum
  • Spawn Location: 11:00

Kozzy - Winner!

  • Race: Protoss Protoss
  • League: Gold
  • Spawn Location: 5:00

VOD

Have the link to the VOD?

Description

Time

  • Played on: April 14, 2018, 11:08 a.m.
  • Length: 7:54
Show
View Real Time Build Order
Export as new Build Order

thanes Terran 

Build Orders: MMM Bio 

Get SALT Encoding   

  12  0:01  SCV  
  13  0:13  SCV  
  14  0:21  Supply Depot  
  14  0:25  SCV  
  15  0:42  SCV  
  16  0:44  Barracks  
  16  0:54  SCV  
  17  0:58  Refinery  
  17  1:07  SCV  
  18  1:19  SCV  
  19  1:31  Marine  
  20  1:35  Orbital Command  
  20  1:49  Marine  
  20  1:50  Supply Depot  
  21  1:59  Barracks  
  21  2:03  SCV  
  21  2:04  Barracks  
  21  2:07  Marine  
  24  2:15  SCV  
  24  2:20  Supply Depot  
  24  2:25  Marine  
  24  2:27  SCV  
  26  2:39  SCV, Engineering Bay  
  26  2:43  Marine  
  28  2:47  Supply Depot  
  28  2:50  Marine  
  29  2:52  Marine, SCV  
  31  3:01  Marine  
  31  3:04  SCV  
  33  3:07  Marine  
  33  3:10  Marine, Missile Turret  
  35  3:15  Supply Depot  
  35  3:17  SCV  
  35  3:19  Marine  
  37  3:25  Marine  
  38  3:28  Marine  
  39  3:36  Marine  
  39  3:37  SCV  
  39  3:41  Supply Depot  
  41  3:43  Marine  
  41  3:45  Marine  
  43  3:49  SCV  
  43  3:54  Marine  
  45  4:01  Marine, SCV  
  47  4:03  Marine  
  48  4:12  Marine  
  48  4:13  Command Center  
  49  4:19  Marine  
  49  4:21  Marine  
  49  4:22  Supply Depot  
  45  4:43  Barracks Tech Lab  
  45  4:44  Barracks Tech Lab  
  41  4:55  Supply Depot  
  41  4:56  Terran Infantry Weapons Level 1  
  41  4:59  SCV  
  42  5:00  Barracks Reactor  
  42  5:05  Marauder x2  
  42  5:06  Combat Shields  
  46  5:07  Stimpack  
  46  5:17  Supply Depot  
  46  5:24  SCV  
  46  5:25  Orbital Command  
  47  5:32  Missile Turret  
  47  5:40  Marauder x2  
  47  5:42  Marine  
  51  5:44  Marine  
  39  6:01  Marauder  
  39  6:02  Marauder  
  39  6:04  SCV x2  
  41  6:15  Marine  
  41  6:16  SCV  
  41  6:18  SCV  
  37  6:22  Marine  
  37  6:23  Marauder  
  37  6:25  Concussive Shells  
  33  6:34  Marine, Marauder  
  33  6:48  Orbital Command  
  25  6:57  Marine  
  25  6:58  Marine, Marauder x2  
  19  7:33  SCV x2  
Show
View Real Time Build Order
Export as new Build Order

Kozzy Protoss - Winner!

Build Orders:  

Get SALT Encoding   

  12  0:02  Probe  
  14  0:14  Probe  
  14  0:18  Pylon  
  14  0:26  Probe  
  15  0:29  Assimilator  
  15  0:43  Gateway  
  15  0:46  Probe (Chrono Boost)  
  16  0:58  Probe (Chrono Boost)  
  17  1:05  Probe (Chrono Boost)  
  18  1:12  Probe, Pylon  
  19  1:25  Probe  
  20  1:54  Cybernetics Core  
  20  1:58  Forge  
  20  2:02  Pylon  
  20  2:07  Pylon  
  20  2:15  Gateway  
  20  2:28  Protoss Ground Weapons Level 1 (Chrono Boost)  
  20  2:30  Stalker (Chrono Boost)  
  20  2:31  Pylon  
  20  2:36  Warp Gate  
  22  2:43  Gateway  
  22  2:53  Pylon  
  22  3:01  Stalker  
  24  3:12  Shield Battery  
  24  3:24  Photon Cannon  
  24  3:25  Shield Battery  
  24  3:27  Pylon  
  24  3:28  Stalker  
  26  3:37  Stalker  
  28  3:49  Gateway  
  28  3:56  Stalker  
  30  4:13  Pylon  
  30  4:23  Stalker  
  32  5:00  Stalker x3  
  32  5:01  Stalker  
  40  5:25  Zealot x4  
  36  6:01  Stalker  
  36  6:02  Stalker x2  
  30  6:27  Stalker x2  
  30  6:28  Zealot x2  
  36  6:52  Zealot x4  
  42  7:13  Stalker  
  42  7:14  Stalker, Zealot x2  
Tags
 
Composition
MMM Bio
Matchup
PvT
Spawn Locations
Cross Positions
Add a new tag
Caveats
  • Supply blocks, unpowered buildings, or Contaminate may cause inaccurate times.
  • Supply counts are checked every 10 seconds.